 Dungeon Crawl Stone Soup version 0.31-a0-196-g86fe4a5e66 (webtiles) character file.

Game seed: 10613684766866601728

1208 reriks the Magician (level 8, -1/41 HPs)
             Began as a Deep Elf Fire Elementalist on June 25, 2023.
             Was an Initiate of Sif Muna.
             Engulfed by a cloud of flame (12 damage)
             ... on level 5 of the Dungeon.
             The game lasted 00:17:30 (9471 turns).

reriks the Magician (Deep Elf Fire Elementalist)    Turns: 9471, Time: 00:17:31

Health: -1/41      AC:  3    Str:  5    XL:     8   Next: 21%
Magic:  21/28      EV: 14    Int: 23    God:    Sif Muna [......]
Gold:   148        SH:  0    Dex: 15    Spells: 9/19 levels left

rFire   + . .        d - +0 mace (heavy)
rCold   x . .        (no shield)
rNeg    . . .        a - +1 robe
rPois   .            (no helmet)
rElec   .            (no cloak)
rCorr   .            (no gloves)
SInv    .            (no boots)
Will    .....        (no amulet)
Stlth   +++          l - ring of fire
HPRegen 0.26/turn    o - ring of magical power
MPRegen 0.21/turn

%: no passive effects
@: no status effects
A: no striking features
a: Renounce Religion


You were on level 5 of the Dungeon.
You worshipped Sif Muna.
Sif Muna was noncommittal.
You visited 1 branch of the dungeon, and saw 5 of its levels.

You collected 304 gold pieces.
You spent 156 gold pieces at shops.

Inventory:

Hand Weapons
 d - a +0 heavy mace (weapon)
Armour
 a - a +1 robe (worn)
Magical Staves
 z - a staff of air
Jewellery
 i - a ring of resist corrosion
 l - a ring of fire (left hand)
 o - a ring of magical power (right hand)
 t - a ring of positive energy
 v - an amulet of the acrobat
Wands
 q - a wand of digging (5)
 A - a wand of iceblast (7)
Scrolls
 c - 2 scrolls of noise
 f - 4 scrolls of teleportation
 h - a scroll of vulnerability
 j - a scroll of revelation
 k - a scroll of blinking
 u - 2 scrolls of identify
 y - a scroll of fog
Potions
 b - 2 potions of magic
 e - a potion of resistance {unknown}
 g - 2 potions of curing
 m - a potion of haste {unknown}
 n - a potion of heal wounds {unknown}
 p - a potion of invisibility {unknown}
 r - 3 potions of cancellation
 s - a potion of enlightenment {unknown}
 w - a potion of degeneration {unknown}
 x - a potion of mutation {unknown}


   Skills:
 + Level 5.8 Dodging
 + Level 6.1 Stealth
 + Level 6.3 Spellcasting
 + Level 4.8 Conjurations
 + Level 5.8 Fire Magic


You had 9 spell levels left.
You knew the following spells:

 Your Spells              Type           Power      Damage    Failure   Level
a - Foxfire               Conj/Fire      100%       2x1d9     1%          1
b - Scorch                Fire           100%       2d9       1%          2
c - Inner Flame           Hex/Fire       31%        N/A       8%          3
d - Flame Wave            Conj/Fire      47%        2d12      9%          4

Your spell library contained the following spells:

 Spells                   Type           Power      Damage    Failure   Level
 Kiss of Death            Conj/Necr      72%        2d10      3%          1
 Volatile Blastmotes      Fire/Tloc      62%        2d15      8%          3
 Apportation              Tloc           14%        N/A       9%          1
 Necrotise                Necr           28%        1d5       9%          1
 Summon Small Mammal      Summ           28%        N/A       9%          1
 Stone Arrow              Conj/Erth      36%        3d9       9%          3
 Spider Form              Tmut/Pois      7%         N/A       24%         3
 Animate Armour           Summ/Erth      14%        N/A       63%         4
 Manifold Assault         Tloc           7%         N/A       63%         4
 Dispersal                Tloc           3%         N/A       100%        6
 Disjunction              Tloc           3%         N/A       100%        8
 Lehudib's Crystal Spear  Conj/Erth      9%         10d4      100%        8


Dungeon Overview and Level Annotations

Branches:
Dungeon (5/15)
 Temple: D:4-7

Altars:
Dithmenos
Gozag
Kikubaaqudgha
Qazlal
Sif Muna

Shops:
D:4 :

Annotations:
D:3 Robin


Message History

An orc priest and 2 orcs come into view.
The orc shouts!
The orc priest shouts!
You hear a shout!
You hear an angry hiss.
An orc comes into view. It is wielding a +0 mace.
The orc priest calls down the wrath of Beogh upon you.
Beogh smites you!
You hear an angry hiss.
Found a scroll of enchant armour.
Casting: Foxfire (safe; 1% risk of failure)
Confirm with . or Enter, or press ? or * to list all spells.
Okay, then.
Casting: Foxfire (safe; 1% risk of failure)
Confirm with . or Enter, or press ? or * to list all spells.
Aiming: Inner Flame (dangerous; 8% risk of failure)
Press: ? - help, Dir - move target, f - orc
Aim: an orc, wielding a +0 short sword (chance to affect: 93%)
You feel a surge of power!
The orc is filled with an inner flame.
An orc wizard comes into view. It is wielding a +2 dagger of venom.
An adder comes into view.
Casting: Inner Flame (dangerous; 8% risk of failure)
Confirm with . or Enter, or press ? or * to list all spells.
You feel a surge of power!
Flames lash the orc.
You kill the orc!
Sif Muna accepts your kill. The orc completely misses you.
Casting: Scorch (safe; 1% risk of failure)
Confirm with . or Enter, or press ? or * to list all spells.
You feel a surge of power!
Flames lash the orc.
Sif Muna accepts your kill.
The orc explodes!
The fiery explosion engulfs you! You resist.
* * * LOW HITPOINT WARNING * * *
The fiery explosion engulfs the adder!!!
You kill the adder!
Sif Muna accepts your kill.
The fiery explosion engulfs the orc priest!!
You kill the orc priest!
Sif Muna accepts your kill.
You are engulfed in blazing flames.
You resist.
You die...

#### ### ...# #....
...# #.... ...# #....#
...##### #....#### #
.......# #....§##..##
.......# #....@§§).?#
.......### #.....#§o..#
....(....# #.....# o..#
.......#.###.....# ..#
..........##.....# ##
......###.##.....#
###...#.#....##########
....###.###..#........#
....#⌠.[.c#..........##


You could see an orc wizard and an orc.

Vanquished Creatures
  Grinder (D:4)
  A black bear (D:4)
  An ice beast (D:5)
  An ogre (D:4)
  2 phantoms (D:4)
  A gnoll sergeant (D:5)
  2 scorpions (D:4)
  3 hounds (D:5)
  An orc priest (D:5)
  Natasha (D:3)
  An orc wizard (D:4)
  3 gnolls (D:5)
  11 adders
  6 worms
  4 dart slugs
  15 orcs
  8 endoplasms
  3 giant cockroaches
  17 goblins
  13 hobgoblins
  2 jackals (D:5)
  9 kobolds
  4 quokkas
  7 ball pythons
  4 bats
  2 frilled lizards (D:2)
  7 rats
130 creatures vanquished.

Vanquished Creatures (others)
  352 foxfires
352 creatures vanquished.

Grand Total: 482 creatures vanquished

Notes
Turn   | Place    | Note
-------+----------+-------------------------------------------
     0 | D:1      | reriks the Deep Elf Fire Elementalist began the quest for
                  | the Orb.
     0 | D:1      | Reached XP level 1. HP: 10/10 MP: 6/6
   308 | D:1      | Reached XP level 2. HP: 15/15 MP: 5/8
  1073 | D:1      | Learned a level 2 spell: Scorch
  1121 | D:1      | Reached XP level 3. HP: 19/19 MP: 6/9
  2681 | D:2      | Learned a level 3 spell: Inner Flame
  2981 | D:2      | Reached XP level 4. HP: 24/24 MP: 11/11
  3172 | D:2      | Found a faded altar of an unknown god.
  3945 | D:3      | Noticed Natasha
  3949 | D:3      | Killed Natasha
  3955 | D:3      | Learned a level 4 spell: Flame Wave
  3992 | D:3      | Noticed Robin
  4487 | D:3      | Reached XP level 5. HP: 28/28 MP: 13/13
  5666 | D:4      | Found a stormy altar of Qazlal.
  5704 | D:4      | Noticed a black bear
  5711 | D:4      | Killed a black bear
  5712 | D:4      | Reached XP level 6. HP: 32/32 MP: 14/14
  6160 | D:4      | Reached skill level 5 in Spellcasting
  6238 | D:4      | Found a shimmering blue altar of Sif Muna.
  6256 | D:4      | Reached XP level 7. HP: 35/36 MP: 16/16
  6264 | D:4      | Found an ancient bone altar of Kikubaaqudgha.
  6273 | D:4      | Became a worshipper of Sif Muna the Loreminder
  6312 | D:4      | Reached skill level 5 in Stealth
  6679 | D:4      | Reached skill level 5 in Fire Magic
  6698 | D:4      | Reached skill level 5 in Dodging
  6999 | D:4      | Found Seur Emuta's Tiny Tomes.
  7005 | D:4      | Bought Dail's Parchment of Energy for 52 gold pieces
  7005 | D:4      | Bought the Codex of Putrescence for 104 gold pieces
  7025 | D:4      | Found an opulent altar of Gozag.
  7321 | D:4      | Noticed Grinder
  7331 | D:4      | Killed Grinder
  7629 | D:5      | Entered Level 5 of the Dungeon
  8324 | D:5      | Reached XP level 8. HP: 41/41 MP: 19/19
  8503 | D:5      | Found a shadowy altar of Dithmenos.
  9471 | D:5      | Engulfed by a cloud of flame

Illustrated notes

Levels and vault maps discovered:
D:1:      amcnicky_arrival_abandoned_market, layout_rooms, serial_glass,
          glass_columns_a, glass_columns_b
D:2:      minmay_spotlight, layout_rooms, chequers_ecumenical_altar_simple_redux
D:3:      layout_rooms, nicolae_half_adder, uniq_natasha, uniq_robin
D:4:      layout_basic, nicolae_gozag_seed_capital, nicolae_overflow_squiral,
          grunt_qazlal_sundering, hangedman_abyss_or_decor_stagger,
          nicolae_shop_i_like_small_books_too, chequers_serial_rivers_large_b,
          uniq_grinder
D:5:      layout_gridville, nicolae_dithmenos_the_darkroom,
          corexii_hall_statues_x, hangedman_decor_diamond_cutter,
          nicolae_fountain_basement

Skill      XL: |  1  2  3  4  5  6  7  8 |
---------------+-------------------------+-----
Stealth        | 3 4 5 6 |  6.1
Dodging        | 3 4 5 |  5.8
Conjurations   | 2 3 4 |  4.8
Fire Magic     | 4 5 |  5.8
Spellcasting   | 4 5 6 |  6.3

Action                     |  1- 3 |  4- 6 |  7- 9 || total
---------------------------+-------+-------+-------++-------
  Melee: Mace              |       |     3 |       ||     3
   Cast: Foxfire           |    68 |    91 |    57 ||   216
         Scorch            |     3 |       |    29 ||    32
         Inner Flame       |     1 |       |     1 ||     2
    Use: Scroll            |       |    10 |       ||    10
 Armour: Robe              |     2 |     8 |     7 ||    17
  Dodge: Dodged            |     2 |    24 |    32 ||    58

Table legend: (Time is in decaauts)
 A = Elapsed time spent in this place.
 B = Non-inter-level travel time spent in this place.
 C = Inter-level travel time spent in this place.
 D = Time resting spent in this place.
 E = Time spent auto-exploring this place.
 F = Levels seen in this place.
 G = Mean time per level.
                   A        B        C        D        E       F      G
               +--------+--------+--------+--------+--------+-----+--------+
         Total |   9507 |   8891 |    616 |   5189 |   2565 |   5 | 1901.4 |
       Dungeon |   9507 |   8891 |    616 |   5189 |   2565 |   5 | 1901.4 |
               +--------+--------+--------+--------+--------+-----+--------+

Top non-repeatable levels by time:
     D:4: 2326 daAuts
     D:1: 1991 daAuts
     D:3: 1830 daAuts
     D:2: 1729 daAuts
     D:5: 1629 daAuts
